 Dungeon Crawl Stone Soup version 0.27-b1-42-g19c61b19a5 (webtiles) character file.

Game seed: 14123839396408641202

69 Sin92 the Skirmisher (level 4, -1/35 HPs)
             Began as a Demonspawn Fighter on July 29, 2021.
             Frozen to death by an endoplasm (2 damage)
             ... on level 3 of the Dungeon.
             The game lasted 00:01:10 (958 turns).

Sin92 the Skirmisher (Demonspawn Fighter)            Turns: 958, Time: 00:01:10

Health: -1/35      AC:  8    Str: 16    XL:     4   Next: 2%
Magic:  4/4        EV:  7    Int: 10    God:
Gold:   38         SH: 13    Dex: 13    Spells: 3/3 levels left

rFire    . . .     SeeInvis .   a - +0 trident
rCold    . . .     Faith    .   c - +0 kite shield
rNeg     . . .     Spirit   .   b - +0 scale mail
rPois    .         Reflect  .   (no helmet)
rElec    .         Harm     .   k - +0 cloak
rCorr    .         Rampage  .   (no gloves)
Will     .....                  (no boots)
Stlth    ..........             (no amulet)
HPRegen  0.11/turn              (no ring)
MPRegen  0.09/turn              (no ring)

@: hasted, very quick
A: sharp scales 1, condensation shield
a: no special abilities


You were on level 3 of the Dungeon.
You visited 1 branch of the dungeon, and saw 3 of its levels.

You collected 38 gold pieces.

Inventory:

Hand Weapons
 a - a +0 trident (weapon)
Armour
 b - a +0 scale mail (worn)
 c - a +0 kite shield (worn)
 k - a +0 cloak (worn)
Scrolls
 i - 2 scrolls of fog
Potions
 d - a potion of might
 f - a potion of attraction {unknown}
 g - a potion of ambrosia
 j - a potion of lignification {unknown}


   Skills:
 + Level 3.3 Fighting
 * Level 2.7 Polearms
 + Level 3.0 Armour
 + Level 1.2 Dodging
 + Level 3.0 Shields


You had 3 spell levels left.
You didn't know any spells.
Your spell library was empty.

Dungeon Overview and Level Annotations

Branches:
Dungeon (3/15)

Altars:
Qazlal


Innate Abilities, Weirdness & Mutations

You are partially covered in razor-sharp scales. (AC +1, Slay +1)
A meltable shield of frost defends you. (SH +4)


Message History

Unknown command.
There are monsters nearby!
You are too injured to fight recklessly!
Unknown command.
There are monsters nearby!
You are too injured to fight recklessly!
Unknown command.
There are monsters nearby!
You are too injured to fight recklessly!
Unknown command.
There are monsters nearby!
You are too injured to fight recklessly!
You hit the endoplasm.
The endoplasm is lightly wounded.
The endoplasm freezes you.
You are frozen.
The worm barely misses you.
You puncture the worm!
The worm is heavily wounded.
You block the endoplasm's attack.
The endoplasm hits you but does no damage.
The worm bites you but does no damage.
You hit the endoplasm but do no damage.
The endoplasm is lightly wounded.
You block the endoplasm's attack.
You puncture the worm!
The worm is almost dead.
The endoplasm barely misses you. The worm bites you.
Your shield prevents you from hitting the endoplasm.
The endoplasm is lightly wounded.
The endoplasm freezes you.
You are frozen.
* * * LOW HITPOINT WARNING * * *
The worm bites you but does no damage. The endoplasm freezes you.
You are frozen.
* * * LOW HITPOINT WARNING * * *
It was a potion of haste.
You feel yourself speed up. The endoplasm freezes you.
You are frozen.
You die...

...##. ... #..#[
#.######. #....
#...††... #...#
#....#### #...### ##...#
#####.....#### ##..##
##.......#...§## #...##
#....)....###§§# #....#
....[.J@....##§###.##.##
#.#.#.#w#...##§§§.......
.....?.....##§§§.....##
# #.#.#.#.#[##........#
........##.####.######
#.#.# #.# .. #.# >...
... #.# #.### .# #.#
#...##### #..###.[...#


You could see a worm and an endoplasm.

Vanquished Creatures
  3 adders
  A worm (D:2)
  A dart slug (D:2)
  An orc (D:3)
  4 endoplasms (D:2)
  2 goblins (D:2)
  3 hobgoblins
  7 jackals (D:3)
  3 kobolds (D:2)
  2 quokkas (D:2)
  2 ball pythons
  A bat (D:3)
  A frilled lizard (D:2)
  3 rats (D:2)
34 creatures vanquished.

Notes
Turn   | Place    | Note
-------+----------+-------------------------------------------
     0 | D:1      | Sin92 the Demonspawn Fighter began the quest for the Orb.
     0 | D:1      | Reached XP level 1. HP: 18/18 MP: 1/1
    28 | D:1      | You fall into a shaft and drop 1 floor!
    40 | D:2      | Gained mutation: A meltable shield of frost defends you.
                  | (SH +4) [demonic ancestry]
    40 | D:2      | Reached XP level 2. HP: 24/24 MP: 2/2
   368 | D:2      | Gained mutation: You are partially covered in razor-sharp
                  | scales. (AC +1, Slay +1) [demonic ancestry]
   368 | D:2      | Reached XP level 3. HP: 18/29 MP: 3/3
   555 | D:2      | Found a stormy altar of Qazlal.
   785 | D:3      | Reached skill level 1 in Dodging
   952 | D:3      | Reached XP level 4. HP: 21/35 MP: 4/4
   957 | D:3      | HP: 1/35 [frozen (5)]
   958 | D:3      | Frozen to death by an endoplasm

Illustrated notes

Levels and vault maps discovered:
D:1:      dpeg_arrival_triangle_fractal, layout_basic,
          ebering_ecumenical_altar_petrified
D:2:      layout_rooms, basic_altar
D:3:      layout_rooms, general_overflow_altar, st_stairs_10

Skill      XL: |  1  2  3 |
---------------+----------+-----
Polearms       | 2 |  2.7
Dodging        | 1 |  1.2
Shields        | 3 |  3.0
Armour         | 3 |  3.0
Fighting       | |  3.3

Action                   |  1- 3 |  4- 6 || total
-------------------------+-------+-------++-------
Melee: Trident           |   121 |     6 ||   127
  Use: Scroll            |     2 |       ||     2
       Potion            |       |     1 ||     1
Armor: Scale mail        |    61 |     4 ||    65
Dodge: Dodged            |    31 |     2 ||    33
Block: Kite shield       |   109 |     2 ||   111
